 Dungeon Crawl Stone Soup version 0.19-a0-1886-gd64a0f0 (webtiles) character file.

531 stigmas the Slasher (level 7, -1/52 HPs)
             Began as a Vampire Gladiator on Oct 16, 2016.
             Slain by an iron imp (5 damage)
             ... summoned by Eustachio
             ... on level 5 of the Dungeon.
             The game lasted 00:10:28 (3474 turns).

stigmas the Slasher (Vampire Gladiator)             Turns: 3474, Time: 00:10:28

Health: -1/52      AC:  5    Str: 16    XL:     7   Next: 3%
Magic:  7/7        EV: 11    Int: 11    God:
Gold:   241        SH:  0    Dex: 14    Spells: 0 memorised, 6 levels left

rFire  . . .     SeeInvis +     a - +0 long sword
rCold  . . .     Gourm    .     s - +0 scale mail
rNeg   + . .     Faith    .     (no shield)
rPois  +         Spirit   .     c - +1 helmet
rElec  .         Dismiss  .     (no cloak)
rCorr  .         Reflect  .     (no gloves)
MR     .....     Harm     .     (no boots)
Stlth  ..........               (no amulet)
                                p - ring of poison resistance
                                t - -3 ring of protection (curse)

@: very slightly contaminated, hasted, very quick
A: fangs 3, see invisible, unbreathing
a: Bat Form


You were on level 5 of the Dungeon.
You were not thirsty.

You visited 1 branch of the dungeon, and saw 5 of its levels.
You also visited: Ossuary.

You collected 241 gold pieces.

Inventory:

Hand Weapons
 a - a +0 long sword (weapon)
Missiles
 d - 3 throwing nets (quivered)
Armour
 b - a +0 leather armour
 c - a +1 helmet (worn)
 s - a +0 scale mail (worn)
Jewellery
 o - an uncursed ring of protection from magic
 p - a ring of poison resistance (right hand)
 t - a cursed -3 ring of protection (left hand)
Wands
 m - a wand of random effects (25/48)
Scrolls
 h - 2 scrolls of identify
 i - 2 scrolls of enchant armour
 n - 2 scrolls of immolation
Potions
 e - 2 potions of mutation
 f - a potion of flight
 k - a potion of curing


   Skills:
 * Level 3.3 Fighting
 * Level 6.4 Long Blades
 - Level 1.5 Throwing
 + Level 2.0 Armour
 + Level 4.0 Dodging
 + Level 0.4 Stealth


You had 6 spell levels left.
You didn't know any spells.

Dungeon Overview and Level Annotations

Branches:
Dungeon (5/15)
 Temple: D:4-7

Altars:

Annotations:
D:5 Eustachio


Innate Abilities, Weirdness & Mutations

You have razor-sharp teeth.
You have supernaturally acute eyesight. (SInv)
You can survive without breathing.


Message History

Eustachio is moderately wounded.
Eustachio hits you with a rapier.
* * * LOW HITPOINT WARNING * * *
You hit Eustachio but do no damage. You bite Eustachio.
Eustachio is heavily wounded.
You hit Eustachio.
Eustachio is heavily wounded.
Eustachio hits you with a rapier.
* * * LOW HITPOINT WARNING * * *
You hit Eustachio.
Eustachio is heavily wounded.
Eustachio gestures wildly while chanting.
You hit Eustachio but do no damage. You bite Eustachio, but do no damage.
Eustachio is heavily wounded.
You slash Eustachio!
Eustachio is severely wounded.
Eustachio hits you with a rapier.
* * * LOW HITPOINT WARNING * * *
The iron imp hits you.
You die...

############.#
#............
#.##.........
##..###.##.####....
......5@##.# #..#.
###....r##5# #5.#
#..5..##§# #@.#
#.....##§####@.#
#......##....5..#
#......#####.#..#
#......# #.#<.#
.[..##.## #.#..# #.
..#..# #. ####..#
#.#[##.....#
#.#........#


You could see Eustachio, an iron imp and a crimson imp.

Vanquished Creatures
  A centaur zombie (D:5)
  A human zombie (Ossuary)
  A hound (D:4)
  4 orc wizards (D:4)
  A worker ant (D:4)
  Terence (D:2)
  A big kobold zombie (Ossuary)
  5 hound zombies (Ossuary)
  A hound skeleton (D:4)
  4 mummies (Ossuary)
  4 adders
  2 oozes
  An adder zombie (Ossuary)
  A worm (D:3)
  A dart slug (D:1)
  2 leopard geckos
  7 orcs
  2 ball pythons (D:2)
  7 bats
  A giant cockroach (D:3)
  8 goblins
  11 hobgoblins
  6 jackals
  2 quokkas
  3 frilled lizards
  3 goblin zombies (Ossuary)
  A jackal zombie (Ossuary)
  9 kobolds
  4 rats
95 creatures vanquished.

Notes
Turn   | Place    | Note
-------+----------+-------------------------------------------
     0 | D:1      | stigmas the Vampire Gladiator began the quest for the Orb.
     0 | D:1      | Reached XP level 1. HP: 16/16 MP: 1/1
   119 | D:1      | Reached XP level 2. HP: 12/22 MP: 2/2
   814 | D:2      | Reached XP level 3. HP: 27/27 MP: 3/3
   815 | D:2      | Noticed Terence
   834 | D:2      | Killed Terence
   834 | D:2      | Reached skill level 4 in Long Blades
  1119 | D:2      | Reached XP level 4. HP: 29/33 MP: 4/4
  1423 | D:3      | Reached skill level 1 in Armour
  2066 | D:4      | Found a sand-covered staircase.
  2099 | Ossuary  | Entered an ossuary
  2125 | Ossuary  | Reached XP level 5. HP: 18/39 MP: 5/5
  2134 | Ossuary  | Reached skill level 5 in Long Blades
  2334 | Ossuary  | Reached XP level 6. HP: 46/46 MP: 6/6
  3002 | D:4      | Reached skill level 6 in Long Blades
  3228 | D:5      | Entered Level 5 of the Dungeon
  3380 | D:5      | Reached XP level 7. HP: 35/52 MP: 7/7
  3397 | D:5      | Noticed Eustachio
  3474 | D:5      | Slain by an iron imp

Vault maps used:
D:1:      dpeg_arrival_tiny_a, minmay_misc_feat_cross
D:2:      first_bread, grunt_decor_fettered, uniq_terence
D:4:      nicolae_ossuary_entry_ruins
D:5:      uniq_eustachio, uniq_edmund
Ossuary:  ossuary_minmay_tomb_2a

Skill      XL: |  1  2  3  4  5  6 |
---------------+-------------------+-----
Fighting       | 2 3 |  3.3
Long Blades    | 4 5 6 |  6.4
Armour         | 1 2 |  2.0
Dodging        | 4 |  4.0
Throwing       | |  1.5
Stealth        | |  0.4

Action                   |  1- 3 |  4- 6 |  7- 9 || total
-------------------------+-------+-------+-------++-------
Melee: Long sword        |    88 |   204 |    52 ||   344
       Bite              |     9 |    31 |    11 ||    51
  Use: Scroll            |       |     9 |       ||     9
       Potion            |       |     5 |     3 ||     8
  Eat: Corpse            |     5 |    10 |       ||    15
Armor: Leather armour    |    20 |     7 |       ||    27
       Scale mail        |       |    68 |    20 ||    88
Dodge: Dodged            |    69 |   154 |    49 ||   272
       Rpst.: Long sword |    15 |    47 |    18 ||    80
